cohdb
Replays
Latest Replays
All Replays
Popular Replays
Top Player Replays
Match Explorer
How It Works
Community
CoH3 Stats
Reddit
Sign in to upload your games and track your stats! →
Sign in with Steam
Match 41197315
Unlisted
Match 41197315
Overview
Messages
Build Orders
End
Engineer Squad
Selects Advanced Infantry Battlegroup
Construct Barracks
Riflemen Squad
Mechanized Support Center
Riflemen Squad
.30 cal Machine Gun
Selects Artillery Observers
.30 cal Machine Gun
Selects Convert to Ranger Squad
Convert to Ranger Squad
Ranger Squad
Construct Tank Depot
Convert to Ranger Squad
Selects Frontline Medical Station
M18 Hellcat Tank Destroyer
Frontline Medical Station
M18 Hellcat Tank Destroyer
AI Takeover
master
freeclimber
Jack
Laufente
Husar
76561199157039673
0
0
Comments
sign in to comment!
No comments posted yet!